[ AOE2 MATCH · #479216605 ]
UnrankedItalians vs Bohemians
[ REPLAY ANALYSIS · EXTRACTED FROM THE RECORDED GAME ]
Feudal
12:39
Castle
17:01
Imperial
31:01
| APM avg | 30.2 |
| APM peak | 71 |
| eAPM avg | 19.5 |
| Villagers / military | 112 / 48 |
Focus
⚔️ 18.9% · 🌾 81.1%
Scout Cavalry ×28 · Genoese Crossbowman ×17 · Trebuchet (Packed) ×2 · Monk ×1
Feudal
11:26
Castle
15:59
Imperial
30:14
| APM avg | 28.2 |
| APM peak | 54 |
| eAPM avg | 16.9 |
| Villagers / military | 127 / 97 |
Focus
⚔️ 28.7% · 🌾 71.3%
Spearman ×78 · Bombard Cannon ×18 · Monk ×1
Feudal
11:10
Castle
13:51
Imperial
29:24
| APM avg | 30.6 |
| APM peak | 52 |
| eAPM avg | 19.2 |
| Villagers / military | 146 / 44 |
Focus
⚔️ 21.3% · 🌾 78.7%
Ballista Elephant ×31 · Battle Elephant ×6 · Trebuchet (Packed) ×3 · Mangonel ×2 · Battering Ram ×2
Feudal
11:39
Castle
17:22
Imperial
36:06
| APM avg | 26.9 |
| APM peak | 48 |
| eAPM avg | 19.8 |
| Villagers / military | 134 / 27 |
Focus
⚔️ 23.1% · 🌾 76.9%
Knight ×22 · Mangonel ×2 · Trebuchet (Packed) ×2 · Monk ×1
Feudal
12:11
Castle
15:52
Imperial
30:09
| APM avg | 32.1 |
| APM peak | 53 |
| eAPM avg | 20.8 |
| Villagers / military | 157 / 99 |
Focus
⚔️ 39.4% · 🌾 60.6%
Cataphract ×98 · Monk ×1
Feudal
9:20
Castle
20:02
Imperial
34:56
| APM avg | 41.0 |
| APM peak | 110 |
| eAPM avg | 25.4 |
| Villagers / military | 148 / 12 |
Focus
⚔️ 25.1% · 🌾 74.9%
Unknown (1959) ×32 · Archer ×12 · Unknown (1942) ×3
Match map
Initial resources + every placement click. Lines = walls · curves = elevation contours. ◆ gold · ⬟ stone · ● berries · ✦ relic · ◌ wall gap
Your base· ✓ Closed at 17:01 · 33t walls · 1 gate(s)
事后诸葛亮's base· ✓ Closed at 15:59 · 0t walls · no gate
大哥沒有輸's base· ✓ Closed at 13:51 · 0t walls · no gate
Vic's base· ✓ Closed at 17:22 · 54t walls · no gate
_LY_purplered's base· ✓ Closed at 15:52 · 53t walls · no gate
巧虎書生's base· ✓ Closed at 20:02 · 8t walls · 1 gate(s)
Smoothed initial terrain · ◌ = detected wall gap · hover for details
Inputs per minute
— 南港家的小兒子 - - 事后诸葛亮
Build order — 南港家的小兒子
First 150 of 307 actions detected
| 0:04 | Build | House |
| 0:05 | Build | House |
| 0:06 | Research | Loom |
| 0:06 | Create | Villager (Male) |
| 0:07 | Create | Villager (Male) |
| 0:07 | Create | Villager (Male) |
| 0:07 | Create | Villager (Male) |
| 0:07 | Create | Villager (Male) |
| 0:41 | Build | Palisade Wall |
| 2:17 | Create | Villager (Male) |
| 2:40 | Create | Villager (Male) |
| 2:40 | Create | Villager (Male) |
| 3:24 | Create | Villager (Male) |
| 3:24 | Create | Villager (Male) |
| 4:05 | Build | Lumber Camp |
| 4:06 | Create | Villager (Male) |
| 4:29 | Create | Villager (Male) |
| 4:59 | Create | Villager (Male) |
| 4:59 | Create | Villager (Male) |
| 4:59 | Create | Villager (Male) |
| 5:57 | Create | Villager (Male) |
| 5:58 | Create | Villager (Male) |
| 6:01 | Build | House |
| 7:03 | Build | House |
| 7:10 | Create | Villager (Male) |
| 7:22 | Create | Villager (Male) |
| 7:22 | Create | Villager (Male) |
| 8:03 | Create | Villager (Male) |
| 8:28 | Build | Mill |
| 9:05 | Create | Villager (Male) |
| 9:05 | Create | Villager (Male) |
| 9:06 | Create | Villager (Male) |
| 10:20 | Build | House |
| 10:27 | Research | Feudal Age |
| 10:36 | Build | Mining Camp |
| 11:04 | Create | Villager (Male) |
| 11:05 | Create | Villager (Male) |
| 11:49 | Build | Farm |
| 11:50 | Build | Farm |
| 12:04 | Build | Farm |
| 12:05 | Build | Farm |
| 12:39 | Age | Feudal Age |
| 12:48 | Build | Market |
| 12:56 | Research | Double-Bit Axe |
| 13:07 | Create | Villager (Male) |
| 13:30 | Build | House |
| 13:34 | Create | Villager (Male) |
| 13:47 | Build | Blacksmith |
| 14:21 | Research | Castle Age |
| 14:42 | Build | Stone Wall |
| 14:58 | Build | Gate |
| 15:04 | Research | Horse Collar |
| 15:12 | Build | Farm |
| 15:13 | Build | Farm |
| 15:14 | Build | Farm |
| 15:29 | Build | Farm |
| 15:30 | Build | Farm |
| 15:32 | Build | Farm |
| 17:01 | Age | Castle Age |
| 17:07 | Create | Villager (Male) |
| 17:07 | Create | Villager (Male) |
| 17:07 | Create | Villager (Male) |
| 17:15 | Build | Town Center |
| 17:43 | Create | Villager (Male) |
| 18:02 | Build | Monastery |
| 18:15 | Create | Villager (Male) |
| 18:24 | Create | Villager (Male) |
| 18:24 | Create | Villager (Male) |
| 18:24 | Create | Villager (Male) |
| 18:27 | Research | Bow Saw |
| 18:38 | Create | Monk |
| 18:53 | Create | Villager (Male) |
| 18:53 | Create | Villager (Male) |
| 19:14 | Create | Villager (Male) |
| 19:15 | Create | Villager (Male) |
| 19:26 | Build | House |
| 19:32 | Build | House |
| 19:33 | Build | House |
| 19:42 | Build | Farm |
| 19:44 | Build | Farm |
| 19:46 | Build | Farm |
| 19:49 | Build | Farm |
| 19:51 | Create | Villager (Male) |
| 19:51 | Create | Villager (Male) |
| 20:14 | Create | Villager (Male) |
| 20:15 | Create | Villager (Male) |
| 20:23 | Build | House |
| 20:24 | Build | House |
| 20:26 | Build | House |
| 20:28 | Build | House |
| 20:30 | Create | Villager (Male) |
| 20:30 | Create | Villager (Male) |
| 20:46 | Build | Town Center |
| 20:53 | Research | Heavy Plow |
| 20:56 | Create | Villager (Male) |
| 21:16 | Create | Villager (Male) |
| 21:31 | Build | Farm |
| 21:33 | Build | Farm |
| 21:36 | Build | Farm |
| 21:38 | Build | Farm |
| 21:41 | Build | Farm |
| 21:42 | Build | Farm |
| 21:44 | Build | Farm |
| 21:46 | Build | Farm |
| 21:50 | Create | Villager (Male) |
| 21:50 | Create | Villager (Male) |
| 21:50 | Create | Villager (Male) |
| 21:51 | Create | Villager (Male) |
| 22:00 | Create | Villager (Male) |
| 22:11 | Create | Villager (Male) |
| 22:11 | Create | Villager (Male) |
| 22:11 | Create | Villager (Male) |
| 22:14 | Build | Farm |
| 22:20 | Build | Farm |
| 22:34 | Create | Villager (Male) |
| 22:34 | Create | Villager (Male) |
| 22:41 | Build | Farm |
| 22:48 | Research | Wheelbarrow |
| 22:59 | Create | Villager (Male) |
| 22:59 | Create | Villager (Male) |
| 22:59 | Create | Villager (Male) |
| 23:14 | Build | Farm |
| 23:16 | Build | Farm |
| 23:17 | Build | Farm |
| 23:20 | Build | Farm |
| 23:22 | Build | Farm |
| 23:25 | Build | Farm |
| 23:27 | Build | Farm |
| 23:32 | Build | Farm |
| 23:36 | Build | Farm |
| 23:41 | Create | Villager (Male) |
| 23:41 | Create | Villager (Male) |
| 23:57 | Build | Farm |
| 24:20 | Create | Villager (Male) |
| 24:20 | Create | Villager (Male) |
| 24:20 | Create | Villager (Male) |
| 24:21 | Create | Villager (Male) |
| 24:22 | Create | Villager (Male) |
| 24:22 | Create | Villager (Male) |
| 24:38 | Build | Farm |
| 24:40 | Build | Farm |
| 24:41 | Build | Farm |
| 24:42 | Build | Farm |
| 24:43 | Build | Farm |
| 24:45 | Build | Farm |
| 24:46 | Build | Farm |
| 24:49 | Build | Farm |
| 24:53 | Create | Villager (Male) |
| 24:53 | Create | Villager (Male) |
| 24:53 | Create | Villager (Male) |
Build order — 事后诸葛亮
First 150 of 349 actions detected
| 0:02 | Create | Villager (Male) |
| 0:02 | Research | Loom |
| 0:03 | Create | Villager (Male) |
| 0:03 | Create | Villager (Male) |
| 0:03 | Create | Villager (Male) |
| 0:07 | Build | House |
| 0:31 | Build | House |
| 0:32 | Build | House |
| 0:33 | Build | House |
| 1:48 | Build | Lumber Camp |
| 1:49 | Create | Villager (Male) |
| 1:49 | Create | Villager (Male) |
| 2:29 | Create | Villager (Male) |
| 2:58 | Create | Villager (Male) |
| 3:25 | Create | Villager (Male) |
| 3:39 | Create | Villager (Male) |
| 4:00 | Create | Villager (Male) |
| 4:30 | Create | Villager (Male) |
| 4:59 | Create | Villager (Male) |
| 5:22 | Create | Villager (Male) |
| 5:34 | Create | Villager (Male) |
| 5:37 | Create | Villager (Male) |
| 6:15 | Create | Villager (Male) |
| 6:42 | Create | Villager (Male) |
| 7:06 | Create | Villager (Male) |
| 7:22 | Create | Villager (Male) |
| 7:44 | Build | Mining Camp |
| 8:20 | Create | Villager (Male) |
| 8:20 | Create | Villager (Male) |
| 8:56 | Research | Feudal Age |
| 9:24 | Build | Mill |
| 10:09 | Build | House |
| 11:26 | Age | Feudal Age |
| 11:27 | Create | Villager (Male) |
| 11:27 | Create | Villager (Male) |
| 11:27 | Create | Villager (Male) |
| 11:52 | Build | Blacksmith |
| 11:57 | Build | Market |
| 12:06 | Build | Mining Camp |
| 12:43 | Create | Villager (Male) |
| 13:19 | Research | Castle Age |
| 13:50 | Research | Double-Bit Axe |
| 13:53 | Research | Horse Collar |
| 15:03 | Build | House |
| 15:04 | Build | House |
| 15:59 | Age | Castle Age |
| 15:59 | Create | Villager (Male) |
| 16:00 | Create | Villager (Male) |
| 16:10 | Build | Town Center |
| 16:30 | Build | Town Center |
| 16:44 | Build | Monastery |
| 16:50 | Research | Wheelbarrow |
| 16:52 | Build | Farm |
| 17:37 | Create | Villager (Male) |
| 17:41 | Research | Fervor |
| 17:42 | Create | Monk |
| 17:55 | Create | Villager (Male) |
| 17:59 | Build | Farm |
| 17:59 | Build | Farm |
| 18:00 | Build | Farm |
| 18:00 | Build | Farm |
| 18:09 | Create | Villager (Male) |
| 18:13 | Build | Farm |
| 18:18 | Create | Villager (Male) |
| 18:20 | Build | Farm |
| 18:35 | Create | Villager (Male) |
| 18:36 | Create | Villager (Male) |
| 18:41 | Build | Farm |
| 18:44 | Create | Villager (Male) |
| 18:46 | Build | Farm |
| 18:51 | Build | Farm |
| 19:06 | Create | Villager (Male) |
| 19:06 | Create | Villager (Male) |
| 19:12 | Build | Farm |
| 19:15 | Create | Villager (Male) |
| 19:23 | Create | Villager (Male) |
| 19:24 | Create | Villager (Male) |
| 19:38 | Create | Villager (Male) |
| 19:43 | Build | Farm |
| 19:44 | Create | Villager (Male) |
| 19:56 | Create | Villager (Male) |
| 20:09 | Build | Town Center |
| 20:10 | Create | Villager (Male) |
| 20:17 | Build | Farm |
| 20:21 | Create | Villager (Male) |
| 20:32 | Build | Farm |
| 20:33 | Build | Farm |
| 20:33 | Build | Farm |
| 20:33 | Build | Farm |
| 20:34 | Build | Farm |
| 20:35 | Build | Farm |
| 20:36 | Build | Farm |
| 20:46 | Create | Villager (Male) |
| 20:47 | Create | Villager (Male) |
| 20:55 | Create | Villager (Male) |
| 20:58 | Build | House |
| 20:58 | Build | House |
| 20:59 | Build | House |
| 21:00 | Build | House |
| 21:11 | Create | Villager (Male) |
| 21:16 | Create | Villager (Male) |
| 21:16 | Create | Villager (Male) |
| 21:36 | Build | Castle |
| 21:40 | Create | Villager (Male) |
| 21:41 | Create | Villager (Male) |
| 21:56 | Create | Villager (Male) |
| 21:58 | Create | Villager (Male) |
| 21:59 | Create | Villager (Male) |
| 22:05 | Build | Farm |
| 22:06 | Build | Farm |
| 22:06 | Build | Farm |
| 22:07 | Build | Farm |
| 22:09 | Build | Farm |
| 22:15 | Create | Villager (Male) |
| 22:18 | Create | Villager (Male) |
| 22:20 | Create | Villager (Male) |
| 22:37 | Build | Farm |
| 22:39 | Create | Villager (Male) |
| 22:46 | Create | Villager (Male) |
| 22:48 | Create | Villager (Male) |
| 22:49 | Create | Villager (Male) |
| 22:51 | Create | Villager (Male) |
| 23:05 | Build | Mill |
| 23:07 | Build | Farm |
| 23:07 | Build | Farm |
| 23:07 | Build | Farm |
| 23:08 | Build | Farm |
| 23:08 | Build | Farm |
| 23:10 | Build | Farm |
| 23:15 | Create | Villager (Male) |
| 23:16 | Create | Villager (Male) |
| 23:17 | Create | Villager (Male) |
| 23:18 | Create | Villager (Male) |
| 23:24 | Build | House |
| 23:24 | Build | House |
| 23:25 | Build | House |
| 23:25 | Build | House |
| 23:25 | Build | House |
| 23:25 | Build | House |
| 23:26 | Build | House |
| 23:26 | Build | House |
| 23:27 | Build | House |
| 23:27 | Build | House |
| 23:27 | Build | House |
| 23:28 | Build | House |
| 23:28 | Build | House |
| 23:36 | Create | Villager (Male) |
| 23:37 | Create | Villager (Male) |
| 23:43 | Create | Villager (Male) |
| 23:51 | Research | Bow Saw |
Build order — 大哥沒有輸
First 150 of 340 actions detected
| 0:02 | Build | House |
| 0:04 | Build | House |
| 0:05 | Create | Villager (Male) |
| 0:05 | Create | Villager (Male) |
| 0:05 | Create | Villager (Male) |
| 0:05 | Create | Villager (Male) |
| 0:06 | Create | Villager (Male) |
| 1:28 | Create | Villager (Male) |
| 2:10 | Create | Villager (Male) |
| 2:23 | Create | Villager (Male) |
| 2:27 | Build | Lumber Camp |
| 2:49 | Create | Villager (Male) |
| 3:22 | Create | Villager (Male) |
| 3:51 | Create | Villager (Male) |
| 3:54 | Create | Villager (Male) |
| 4:22 | Create | Villager (Male) |
| 4:26 | Build | House |
| 4:37 | Create | Villager (Male) |
| 5:27 | Create | Villager (Male) |
| 5:27 | Create | Villager (Male) |
| 5:30 | Create | Villager (Male) |
| 5:45 | Create | Villager (Male) |
| 6:16 | Build | House |
| 6:34 | Build | Mill |
| 6:35 | Create | Villager (Male) |
| 7:31 | Build | Farm |
| 7:37 | Build | Farm |
| 7:39 | Create | Villager (Male) |
| 7:39 | Create | Villager (Male) |
| 7:50 | Build | Farm |
| 8:14 | Build | Farm |
| 8:35 | Create | Villager (Male) |
| 8:58 | Research | Feudal Age |
| 9:05 | Build | Mining Camp |
| 9:46 | Create | Villager (Male) |
| 9:46 | Create | Villager (Male) |
| 11:10 | Age | Feudal Age |
| 11:11 | Research | Castle Age |
| 11:17 | Research | Double-Bit Axe |
| 11:23 | Build | House |
| 11:43 | Research | Horse Collar |
| 11:51 | Build | Farm |
| 12:38 | Build | Stable |
| 13:37 | Create | Villager (Male) |
| 13:37 | Create | Villager (Male) |
| 13:38 | Create | Villager (Male) |
| 13:38 | Create | Villager (Male) |
| 13:51 | Age | Castle Age |
| 13:55 | Build | Town Center |
| 14:51 | Build | Siege Workshop |
| 14:54 | Create | Villager (Male) |
| 14:55 | Create | Villager (Male) |
| 15:05 | Build | House |
| 15:35 | Create | Villager (Male) |
| 15:41 | Research | Bow Saw |
| 15:58 | Create | Villager (Male) |
| 15:58 | Create | Villager (Male) |
| 15:59 | Create | Villager (Male) |
| 15:59 | Create | Villager (Male) |
| 15:59 | Create | Villager (Male) |
| 16:00 | Create | Villager (Male) |
| 16:13 | Research | Heavy Plow |
| 16:35 | Create | Villager (Male) |
| 16:36 | Create | Villager (Male) |
| 16:42 | Build | Farm |
| 16:53 | Build | House |
| 16:56 | Create | Battering Ram |
| 17:09 | Build | Farm |
| 17:18 | Build | Farm |
| 17:19 | Create | Villager (Male) |
| 17:20 | Create | Villager (Male) |
| 17:22 | Create | Villager (Male) |
| 17:29 | Build | Farm |
| 17:40 | Create | Villager (Male) |
| 17:45 | Build | House |
| 18:06 | Create | Battering Ram |
| 18:12 | Build | Farm |
| 18:16 | Create | Villager (Male) |
| 18:16 | Create | Villager (Male) |
| 18:16 | Create | Villager (Male) |
| 18:17 | Create | Villager (Male) |
| 18:28 | Build | Farm |
| 18:35 | Build | Farm |
| 18:40 | Build | Farm |
| 18:43 | Build | Farm |
| 19:03 | Create | Villager (Male) |
| 19:03 | Create | Villager (Male) |
| 19:09 | Create | Villager (Male) |
| 19:13 | Build | Farm |
| 19:35 | Build | Town Center |
| 19:37 | Create | Villager (Male) |
| 19:37 | Create | Villager (Male) |
| 19:38 | Create | Villager (Male) |
| 19:42 | Build | Farm |
| 19:53 | Build | House |
| 19:53 | Build | House |
| 19:59 | Build | Farm |
| 20:20 | Build | Farm |
| 20:23 | Build | Farm |
| 20:27 | Build | Farm |
| 20:30 | Build | Farm |
| 20:33 | Build | Farm |
| 20:35 | Build | Farm |
| 20:39 | Build | Farm |
| 20:41 | Build | Farm |
| 20:44 | Build | Farm |
| 20:45 | Create | Villager (Male) |
| 20:46 | Create | Villager (Male) |
| 20:46 | Create | Villager (Male) |
| 20:46 | Create | Villager (Male) |
| 20:46 | Create | Villager (Male) |
| 20:47 | Create | Villager (Male) |
| 20:56 | Build | Farm |
| 21:04 | Build | House |
| 21:11 | Create | Villager (Male) |
| 21:11 | Create | Villager (Male) |
| 21:12 | Create | Villager (Male) |
| 21:12 | Create | Villager (Male) |
| 21:17 | Create | Villager (Male) |
| 21:24 | Build | Farm |
| 21:32 | Build | Farm |
| 21:37 | Build | Farm |
| 21:39 | Build | Farm |
| 21:44 | Build | Farm |
| 21:46 | Build | Farm |
| 21:48 | Build | Farm |
| 21:58 | Build | Farm |
| 21:58 | Create | Villager (Male) |
| 21:59 | Create | Villager (Male) |
| 21:59 | Create | Villager (Male) |
| 21:59 | Create | Villager (Male) |
| 22:00 | Create | Villager (Male) |
| 22:00 | Create | Villager (Male) |
| 22:00 | Create | Villager (Male) |
| 22:15 | Build | House |
| 22:22 | Create | Villager (Male) |
| 22:22 | Create | Villager (Male) |
| 22:22 | Create | Villager (Male) |
| 22:22 | Create | Villager (Male) |
| 22:27 | Build | Farm |
| 22:35 | Build | Farm |
| 22:39 | Research | Wheelbarrow |
| 22:42 | Create | Villager (Male) |
| 23:01 | Create | Mangonel |
| 23:01 | Create | Mangonel |
| 23:14 | Build | House |
| 23:15 | Create | Villager (Male) |
| 23:15 | Create | Villager (Male) |
| 23:16 | Create | Villager (Male) |
| 23:16 | Create | Villager (Male) |
Build order — Vic
First 150 of 298 actions detected
| 0:02 | Create | Villager (Male) ×4 |
| 0:04 | Build | House |
| 0:06 | Build | House |
| 0:13 | Research | Loom |
| 0:13 | Create | Villager (Male) ×3 |
| 0:40 | Build | Palisade Wall |
| 0:47 | Build | Palisade Wall |
| 1:02 | Build | Palisade Wall |
| 1:28 | Build | Palisade Wall |
| 2:02 | Build | Lumber Camp |
| 2:08 | Create | Villager (Male) |
| 2:38 | Create | Villager (Male) |
| 2:58 | Create | Villager (Male) |
| 2:58 | Create | Villager (Male) |
| 3:41 | Create | Villager (Male) |
| 3:56 | Create | Villager (Male) |
| 4:29 | Create | Villager (Male) |
| 4:49 | Build | House |
| 4:51 | Build | House |
| 4:59 | Build | House |
| 5:00 | Build | House |
| 5:19 | Create | Villager (Male) |
| 5:31 | Create | Villager (Male) |
| 5:52 | Create | Villager (Male) |
| 5:52 | Create | Villager (Male) |
| 5:52 | Create | Villager (Male) |
| 5:53 | Create | Villager (Male) |
| 5:53 | Create | Villager (Male) |
| 7:31 | Create | Villager (Male) |
| 7:31 | Create | Villager (Male) |
| 8:06 | Create | Villager (Male) |
| 8:22 | Build | Mining Camp |
| 8:28 | Create | Villager (Male) |
| 9:29 | Research | Feudal Age |
| 9:29 | Research | Feudal Age |
| 10:04 | Build | Palisade Wall |
| 10:31 | Build | Mill |
| 11:39 | Age | Feudal Age |
| 11:45 | Build | Stone Wall |
| 11:54 | Build | Stone Wall |
| 12:05 | Build | Stone Wall |
| 12:09 | Create | Villager (Male) |
| 12:10 | Create | Villager (Male) |
| 12:10 | Create | Villager (Male) |
| 12:30 | Build | Market |
| 12:38 | Build | Stone Wall |
| 12:45 | Build | Stone Wall |
| 13:29 | Create | Villager (Male) |
| 13:30 | Create | Villager (Male) |
| 13:38 | Build | Blacksmith |
| 13:54 | Build | Stone Wall |
| 14:42 | Research | Castle Age |
| 15:07 | Build | Lumber Camp |
| 16:22 | Research | Double-Bit Axe |
| 17:08 | Create | Villager (Male) |
| 17:08 | Create | Villager (Male) |
| 17:22 | Age | Castle Age |
| 17:28 | Build | Siege Workshop |
| 17:36 | Build | House |
| 17:38 | Build | House |
| 17:50 | Build | Stone Wall |
| 18:09 | Create | Mangonel |
| 18:39 | Create | Villager (Male) |
| 18:39 | Create | Villager (Male) |
| 18:39 | Create | Villager (Male) |
| 18:40 | Create | Villager (Male) |
| 18:40 | Create | Villager (Male) |
| 18:40 | Create | Villager (Male) |
| 18:40 | Create | Villager (Male) |
| 18:53 | Build | Stone Wall |
| 19:10 | Build | Stone Wall |
| 19:25 | Create | Villager (Male) |
| 19:34 | Build | Lumber Camp |
| 19:41 | Build | Mining Camp |
| 20:02 | Create | Villager (Male) |
| 20:15 | Build | Town Center |
| 20:22 | Research | Wheelbarrow |
| 20:45 | Create | Villager (Male) |
| 20:45 | Create | Villager (Male) |
| 20:45 | Create | Villager (Male) |
| 20:55 | Build | House |
| 20:57 | Build | House |
| 21:10 | Build | House |
| 21:11 | Build | House |
| 21:12 | Build | House |
| 21:15 | Create | Villager (Male) |
| 21:28 | Create | Villager (Male) |
| 21:38 | Create | Villager (Male) |
| 21:38 | Create | Villager (Male) |
| 21:38 | Create | Villager (Male) |
| 21:39 | Create | Villager (Male) |
| 21:47 | Build | Town Center |
| 22:00 | Build | University |
| 22:35 | Build | Farm |
| 22:35 | Build | Farm |
| 22:35 | Build | Farm |
| 22:36 | Build | Farm |
| 22:36 | Build | Farm |
| 22:36 | Build | Farm |
| 22:38 | Build | Farm |
| 22:58 | Build | Monastery |
| 23:08 | Build | Monastery |
| 23:31 | Create | Mangonel |
| 23:51 | Create | Villager (Male) |
| 23:51 | Create | Villager (Male) |
| 23:59 | Build | House |
| 24:00 | Build | House |
| 24:01 | Build | House |
| 24:44 | Build | Stone Wall |
| 24:46 | Create | Villager (Male) |
| 24:57 | Build | Mill |
| 24:59 | Build | Farm |
| 24:59 | Build | Farm |
| 25:00 | Build | Farm |
| 25:00 | Build | Farm |
| 25:00 | Build | Farm |
| 25:01 | Build | Farm |
| 25:07 | Create | Monk |
| 25:21 | Build | Mill |
| 25:23 | Build | Farm |
| 25:24 | Build | Farm |
| 25:24 | Build | Farm |
| 25:24 | Build | Farm |
| 25:25 | Build | Farm |
| 25:25 | Build | Farm |
| 25:25 | Build | Farm |
| 25:26 | Build | Farm |
| 25:27 | Build | Farm |
| 25:29 | Create | Villager (Male) |
| 25:35 | Build | Stone Wall |
| 25:47 | Create | Villager (Male) |
| 26:00 | Build | Stone Wall |
| 26:03 | Build | Stone Wall |
| 26:20 | Create | Villager (Male) |
| 26:33 | Build | Farm |
| 26:34 | Build | Farm |
| 26:34 | Build | Farm |
| 26:34 | Build | Farm |
| 26:34 | Build | Farm |
| 26:35 | Build | Farm |
| 26:36 | Build | Farm |
| 26:36 | Build | Farm |
| 26:37 | Build | Farm |
| 27:03 | Build | Stone Wall |
| 27:06 | Build | Stone Wall |
| 27:09 | Create | Villager (Male) |
| 27:13 | Research | Fortified Wall (upgrade) |
| 27:17 | Create | Villager (Male) |
| 27:17 | Create | Villager (Male) |
| 27:18 | Create | Villager (Male) |
Build order — _LY_purplered
First 150 of 416 actions detected
| 0:01 | Create | Villager (Male) |
| 0:01 | Create | Villager (Male) |
| 0:01 | Create | Villager (Male) |
| 0:02 | Build | House |
| 0:04 | Build | House |
| 0:27 | Create | Villager (Male) |
| 0:38 | Build | Palisade Wall |
| 0:39 | Build | Palisade Wall |
| 0:58 | Create | Villager (Male) |
| 1:00 | Create | Villager (Male) |
| 1:44 | Build | Palisade Wall |
| 1:53 | Research | Loom |
| 1:56 | Create | Villager (Male) |
| 2:24 | Build | Palisade Wall |
| 2:28 | Build | Palisade Wall |
| 2:35 | Create | Villager (Male) |
| 2:56 | Create | Villager (Male) |
| 2:57 | Create | Villager (Male) |
| 3:09 | Build | Lumber Camp |
| 3:25 | Create | Villager (Male) |
| 3:25 | Create | Villager (Male) |
| 3:49 | Create | Villager (Male) |
| 4:17 | Create | Villager (Male) |
| 4:41 | Create | Villager (Male) |
| 4:50 | Build | House |
| 5:19 | Create | Villager (Male) |
| 5:20 | Create | Villager (Male) |
| 5:34 | Build | House |
| 5:42 | Build | House |
| 5:49 | Create | Villager (Male) |
| 5:50 | Create | Villager (Male) |
| 6:44 | Build | Mining Camp |
| 6:45 | Create | Villager (Male) |
| 6:45 | Create | Villager (Male) |
| 6:46 | Create | Villager (Male) |
| 7:53 | Create | Villager (Male) |
| 7:53 | Create | Villager (Male) |
| 7:53 | Create | Villager (Male) |
| 7:54 | Create | Villager (Male) |
| 8:16 | Build | Mill |
| 8:31 | Create | Villager (Male) |
| 8:31 | Create | Villager (Male) |
| 8:31 | Create | Villager (Male) |
| 9:44 | Create | Villager (Male) |
| 9:57 | Create | Villager (Male) |
| 9:57 | Create | Villager (Male) |
| 10:01 | Research | Feudal Age |
| 10:36 | Create | Villager (Male) |
| 10:36 | Create | Villager (Male) |
| 10:44 | Build | House |
| 11:10 | Create | Villager (Male) |
| 11:10 | Create | Villager (Male) |
| 12:11 | Age | Feudal Age |
| 12:14 | Build | Stone Wall |
| 12:24 | Build | Market |
| 12:26 | Build | Blacksmith |
| 13:12 | Research | Castle Age |
| 13:12 | Research | Castle Age |
| 13:48 | Research | Double-Bit Axe |
| 13:55 | Research | Horse Collar |
| 14:06 | Build | Farm |
| 14:21 | Create | Villager (Male) |
| 14:28 | Build | Farm |
| 14:35 | Build | Farm |
| 14:38 | Create | Villager (Male) |
| 15:25 | Build | Outpost |
| 15:42 | Create | Villager (Male) |
| 15:52 | Age | Castle Age |
| 15:53 | Build | Town Center |
| 16:01 | Build | Town Center |
| 16:20 | Research | Bow Saw |
| 16:20 | Research | Bow Saw |
| 16:31 | Create | Villager (Male) |
| 16:51 | Create | Villager (Male) |
| 17:15 | Research | Wheelbarrow |
| 17:15 | Research | Wheelbarrow |
| 17:17 | Research | Heavy Plow |
| 17:18 | Create | Villager (Male) |
| 17:26 | Build | Farm |
| 17:38 | Build | Farm |
| 17:42 | Build | Farm |
| 17:43 | Create | Villager (Male) |
| 17:49 | Build | Farm |
| 18:19 | Build | Farm |
| 18:28 | Build | Farm |
| 18:29 | Create | Villager (Male) |
| 18:30 | Create | Villager (Male) |
| 18:31 | Create | Villager (Male) |
| 18:44 | Build | Monastery |
| 18:51 | Build | Farm |
| 18:54 | Build | Farm |
| 18:57 | Create | Villager (Male) |
| 19:17 | Create | Villager (Male) |
| 19:17 | Create | Villager (Male) |
| 19:22 | Create | Monk |
| 19:27 | Build | Farm |
| 19:29 | Build | Farm |
| 19:32 | Create | Villager (Male) |
| 19:33 | Create | Villager (Male) |
| 19:40 | Create | Villager (Male) |
| 19:40 | Create | Villager (Male) |
| 19:47 | Build | Farm |
| 19:50 | Build | Farm |
| 19:54 | Create | Villager (Male) |
| 20:04 | Build | Farm |
| 20:05 | Create | Villager (Male) |
| 20:22 | Build | House |
| 20:26 | Create | Villager (Male) |
| 20:26 | Create | Villager (Male) |
| 20:27 | Create | Villager (Male) |
| 20:35 | Research | Loom |
| 20:42 | Create | Villager (Male) |
| 20:42 | Create | Villager (Male) |
| 20:42 | Create | Villager (Male) |
| 20:43 | Create | Villager (Male) |
| 20:49 | Build | House |
| 20:52 | Build | House |
| 20:55 | Create | Villager (Male) |
| 20:55 | Create | Villager (Male) |
| 20:55 | Create | Villager (Male) |
| 21:03 | Build | Farm |
| 21:03 | Build | Farm |
| 21:04 | Build | Farm |
| 21:04 | Build | Farm |
| 21:15 | Create | Villager (Male) |
| 21:15 | Create | Villager (Male) |
| 21:20 | Build | Town Center |
| 21:27 | Build | Farm |
| 21:30 | Create | Villager (Male) |
| 21:36 | Create | Villager (Male) |
| 21:51 | Create | Villager (Male) |
| 22:01 | Create | Villager (Male) |
| 22:01 | Create | Villager (Male) |
| 22:12 | Create | Villager (Male) |
| 22:21 | Research | Stone Mining |
| 22:21 | Research | Stone Mining |
| 22:25 | Research | Gold Mining |
| 22:26 | Research | Gold Mining |
| 22:37 | Build | Farm |
| 22:37 | Build | Farm |
| 22:37 | Build | Farm |
| 22:37 | Build | Farm |
| 22:38 | Build | Farm |
| 22:38 | Build | Farm |
| 22:38 | Build | Farm |
| 22:38 | Build | Farm |
| 22:42 | Create | Villager (Male) |
| 22:42 | Create | Villager (Male) |
| 22:43 | Create | Villager (Male) |
| 22:48 | Create | Villager (Male) |
Build order — 巧虎書生
First 150 of 358 actions detected
| 0:00 | Create | Villager (Male) |
| 0:01 | Create | Villager (Male) |
| 0:01 | Create | Villager (Male) |
| 0:01 | Create | Villager (Male) |
| 0:02 | Build | House |
| 0:04 | Build | House |
| 0:33 | Research | Loom |
| 0:36 | Create | Villager (Male) |
| 0:36 | Create | Villager (Male) |
| 0:36 | Create | Villager (Male) |
| 0:47 | Build | Palisade Wall |
| 1:41 | Create | Villager (Male) |
| 2:02 | Create | Villager (Male) |
| 2:15 | Build | Lumber Camp |
| 2:32 | Create | Villager (Male) |
| 2:33 | Create | Villager (Male) |
| 3:06 | Create | Villager (Male) |
| 3:44 | Create | Villager (Male) |
| 3:47 | Create | Villager (Male) |
| 4:13 | Build | House |
| 4:27 | Create | Villager (Male) |
| 4:28 | Create | Villager (Male) |
| 5:17 | Create | Villager (Male) |
| 5:17 | Create | Villager (Male) |
| 5:17 | Create | Villager (Male) |
| 5:55 | Build | Mining Camp |
| 6:16 | Create | Villager (Male) |
| 7:10 | Research | Feudal Age |
| 7:48 | Build | House |
| 8:38 | Build | Barracks |
| 8:49 | Build | Palisade Gate |
| 9:20 | Age | Feudal Age |
| 9:34 | Build | Archery Range |
| 10:00 | Build | Watch Tower |
| 10:16 | Create | Villager (Male) |
| 10:17 | Create | Villager (Male) |
| 10:20 | Research | Double-Bit Axe |
| 10:43 | Create | Archer |
| 10:43 | Create | Archer |
| 11:03 | Create | Villager (Male) |
| 11:12 | Create | Villager (Male) |
| 11:25 | Create | Archer |
| 11:34 | Build | Mill |
| 11:36 | Build | House |
| 11:37 | Build | House |
| 11:51 | Research | Town Watch |
| 12:00 | Build | House |
| 12:02 | Create | Archer |
| 12:21 | Build | Mining Camp |
| 12:46 | Create | Archer |
| 13:03 | Create | Villager (Male) |
| 13:03 | Create | Villager (Male) |
| 13:04 | Create | Villager (Male) |
| 13:04 | Create | Villager (Male) |
| 13:22 | Build | Lumber Camp |
| 13:35 | Create | Villager (Male) |
| 14:03 | Create | Archer |
| 14:05 | Create | Villager (Male) |
| 14:08 | Build | House |
| 14:09 | Build | House |
| 14:15 | Create | Villager (Male) |
| 14:49 | Build | Blacksmith |
| 14:59 | Create | Archer |
| 15:02 | Create | Villager (Male) |
| 15:30 | Build | Market |
| 15:41 | Create | Archer |
| 15:44 | Create | Villager (Male) |
| 16:31 | Build | Farm |
| 16:33 | Build | Farm |
| 16:36 | Build | Farm |
| 17:22 | Research | Castle Age |
| 17:22 | Research | Castle Age |
| 17:25 | Create | Archer |
| 17:43 | Build | Farm |
| 17:45 | Build | Farm |
| 17:46 | Build | Farm |
| 17:52 | Create | Archer |
| 18:06 | Research | Fletching |
| 18:29 | Create | Villager (Male) |
| 18:39 | Create | Archer |
| 19:43 | Create | Villager (Male) |
| 20:02 | Age | Castle Age |
| 20:08 | Build | Town Center |
| 20:12 | Build | Town Center |
| 20:16 | Research | Crossbowman (upgrade) |
| 20:29 | Research | Bodkin Arrow |
| 20:44 | Create | Villager (Male) |
| 20:44 | Create | Villager (Male) |
| 20:58 | Research | Bow Saw |
| 21:22 | Build | Farm |
| 21:23 | Build | Farm |
| 21:26 | Create | Villager (Male) |
| 21:27 | Create | Villager (Male) |
| 21:27 | Create | Villager (Male) |
| 22:02 | Create | Villager (Male) |
| 22:02 | Create | Villager (Male) |
| 22:03 | Create | Villager (Male) |
| 22:06 | Build | Farm |
| 22:08 | Build | Farm |
| 22:08 | Build | Farm |
| 22:27 | Build | Town Center |
| 22:30 | Create | Archer |
| 22:36 | Create | Villager (Male) |
| 22:38 | Create | Villager (Male) |
| 22:52 | Build | Farm |
| 22:53 | Build | Farm |
| 22:56 | Build | Farm |
| 22:57 | Build | Farm |
| 22:58 | Build | Farm |
| 22:59 | Create | Villager (Male) |
| 23:07 | Create | Villager (Male) |
| 23:07 | Create | Villager (Male) |
| 23:17 | Build | Outpost |
| 23:41 | Create | Villager (Male) |
| 23:42 | Create | Villager (Male) |
| 23:42 | Create | Villager (Male) |
| 23:46 | Create | Villager (Male) |
| 23:46 | Create | Villager (Male) |
| 23:46 | Create | Villager (Male) |
| 23:56 | Build | Farm |
| 23:57 | Build | Farm |
| 24:03 | Build | Farm |
| 24:03 | Build | Farm |
| 24:03 | Build | Farm |
| 24:04 | Build | Farm |
| 24:04 | Build | Farm |
| 24:04 | Build | Farm |
| 24:04 | Build | Farm |
| 24:04 | Build | Farm |
| 24:05 | Build | Farm |
| 24:05 | Build | Farm |
| 24:07 | Create | Villager (Male) |
| 24:07 | Create | Villager (Male) |
| 24:08 | Create | Villager (Male) |
| 24:14 | Build | House |
| 24:15 | Build | House |
| 24:29 | Create | Villager (Male) |
| 24:29 | Create | Villager (Male) |
| 24:30 | Create | Villager (Male) |
| 24:35 | Build | Farm |
| 24:38 | Build | Farm |
| 24:40 | Build | Farm |
| 24:46 | Create | Villager (Male) |
| 24:46 | Create | Villager (Male) |
| 24:48 | Build | House |
| 24:49 | Build | House |
| 24:50 | Create | Villager (Male) |
| 24:53 | Create | Villager (Male) |
| 24:53 | Create | Villager (Male) |
| 24:59 | Create | Villager (Male) |
Match timeline
| 0:38 | _LY_purplered · wall_segment Palisade Wall x8 |
| 0:39 | _LY_purplered · wall_segment Palisade Wall x4 |
| 0:40 | Vic · wall_segment Palisade Wall x2 |
| 0:41 | 南港家的小兒子 · wall_segment Palisade Wall x18 |
| 0:47 | Vic · wall_segment Palisade Wall x8 |
| 0:47 | 巧虎書生 · wall_segment Palisade Wall x8 |
| 1:02 | Vic · wall_segment Palisade Wall x9 |
| 1:28 | Vic · wall_segment Palisade Wall x1 |
| 1:44 | _LY_purplered · wall_segment Palisade Wall x3 |
| 2:24 | _LY_purplered · wall_segment Palisade Wall x10 |
| 2:28 | _LY_purplered · wall_segment Palisade Wall x10 |
| 8:38 | 巧虎書生 · first_building Barracks |
| 9:20 | 巧虎書生 · age_up feudal |
| 9:34 | 巧虎書生 · first_building Archery Range |
| 10:04 | Vic · wall_segment Palisade Wall x9 |
| 11:10 | 大哥沒有輸 · age_up feudal |
| 11:26 | 事后诸葛亮 · age_up feudal |
| 11:39 | Vic · age_up feudal |
| 11:45 | Vic · wall_segment Stone Wall x9 |
| 11:54 | Vic · wall_segment Stone Wall x1 |
| 12:05 | Vic · wall_segment Stone Wall x2 |
| 12:11 | _LY_purplered · age_up feudal |
| 12:14 | _LY_purplered · wall_segment Stone Wall x18 |
| 12:38 | Vic · wall_segment Stone Wall x5 |
| 12:38 | 大哥沒有輸 · first_building Stable |
| 12:39 | 南港家的小兒子 · age_up feudal |
| 12:45 | Vic · wall_segment Stone Wall x3 |
| 13:51 | 大哥沒有輸 · age_up castle |
| 13:54 | Vic · wall_segment Stone Wall x5 |
| 14:42 | 南港家的小兒子 · wall_segment Stone Wall x15 |
| 14:51 | 大哥沒有輸 · first_building Siege Workshop |
| 15:34 | _LY_purplered · first_market_sell 100 food |
| 15:40 | _LY_purplered · first_market_buy 100 stone |
| 15:52 | _LY_purplered · age_up castle |
| 15:59 | 事后诸葛亮 · age_up castle |
| 16:44 | 事后诸葛亮 · first_building Monastery |
| 16:59 | 巧虎書生 · first_market_sell 100 wood |
| 17:01 | 巧虎書生 · first_market_buy 100 food |
| 17:01 | 南港家的小兒子 · age_up castle |
| 17:22 | Vic · age_up castle |
| 17:28 | Vic · first_building Siege Workshop |
| 17:50 | Vic · wall_segment Stone Wall x10 |
| 18:02 | 南港家的小兒子 · first_building Monastery |
| 18:44 | _LY_purplered · first_building Monastery |
| 18:53 | Vic · wall_segment Stone Wall x2 |
| 19:10 | Vic · wall_segment Stone Wall x3 |
| 20:02 | 巧虎書生 · age_up castle |
| 20:39 | 南港家的小兒子 · first_market_buy 100 stone |
| 21:36 | 事后诸葛亮 · first_building Castle |
| 22:58 | Vic · first_building Monastery |
| 24:44 | Vic · wall_segment Stone Wall x1 |
| 25:32 | _LY_purplered · first_building Barracks |
| 25:35 | Vic · wall_segment Stone Wall x3 |
| 25:47 | 事后诸葛亮 · first_building Siege Workshop |
| 25:53 | _LY_purplered · first_building Castle |
| 26:00 | Vic · wall_segment Stone Wall x1 |
| 26:03 | Vic · wall_segment Stone Wall x8 |
| 26:32 | 事后诸葛亮 · first_market_buy 100 food |
| 26:56 | 事后诸葛亮 · first_building Barracks |
| 27:03 | Vic · wall_segment Stone Wall x1 |
| 27:06 | Vic · wall_segment Stone Wall x2 |
| 27:16 | 大哥沒有輸 · first_building Castle |
| 27:23 | 南港家的小兒子 · first_building Castle |
| 27:35 | Vic · wall_segment Stone Wall x6 |
| 27:49 | Vic · first_building Castle |
| 27:52 | 南港家的小兒子 · first_building Barracks |
| 29:21 | 南港家的小兒子 · first_building Stable |
| 29:24 | 大哥沒有輸 · age_up imperial |
| 30:09 | _LY_purplered · age_up imperial |
| 30:14 | 事后诸葛亮 · age_up imperial |
| 30:30 | 事后诸葛亮 · first_market_sell 100 wood |
| 30:30 | 巧虎書生 · first_building Castle |
| 30:52 | 巧虎書生 · first_building Monastery |
| 31:01 | 南港家的小兒子 · age_up imperial |
| 31:41 | _LY_purplered · first_building Stable |
| 31:59 | 南港家的小兒子 · first_market_sell 100 food |
| 32:33 | Vic · first_building Barracks |
| 32:59 | 巧虎書生 · first_building Siege Workshop |
| 33:40 | Vic · first_building Stable |
| 34:02 | 南港家的小兒子 · wall_segment Stone Wall x1 |
| 34:28 | Vic · wall_segment Stone Wall x8 |
| 34:56 | 巧虎書生 · age_up imperial |
| 35:17 | Vic · wall_segment Stone Wall x8 |
| 35:20 | Vic · wall_segment Stone Wall x1 |
| 36:02 | Vic · wall_segment Stone Wall x11 |
| 36:06 | Vic · age_up imperial |
| 38:10 | 巧虎書生 · wall_segment Stone Wall x12 |
| 38:28 | 大哥沒有輸 · resign |
[ AI ANALYSIS · 1 CREDIT ]
What really happened in this match?
Wolo.gg analyzes every decision: build order, eco, micro, common mistakes by bracket. Personalized analysis on WhatsApp or Discord in 30 seconds.
Civ guide
Italians
Perfil
Jugador #5846234